 Dungeon Crawl Stone Soup version 0.27-a0-343-gfcad680f63 (webtiles) character file.

Game seed: 11331274464626650923

25 dickylongcocking the Chopper (level 2, 0/22 HPs)
             Began as a Demonspawn Gladiator on Feb 14, 2021.
             Slain by a hobgoblin (3 damage)
             ... on level 2 of the Dungeon.
             The game lasted 00:00:38 (1193 turns).

dickylongcocking the Chopper (Demonspawn Gladiator) Turns: 1193, Time: 00:00:39

Health: 0/22       AC:  4    Str: 14    XL:     2   Next: 82%
Magic:  2/2        EV: 12    Int:  9    God:
Gold:   30         SH:  4    Dex: 14    Spells: 1/1 levels left

rFire    . . .     SeeInvis .   a - +0 war axe
rCold    . . .     Faith    .   (no shield)
rNeg     . . .     Spirit   .   b - +0 leather armour
rPois    .         Reflect  .   c - +0 helmet
rElec    .         Harm     .   (no cloak)
rCorr    .         Rampage  .   (no gloves)
Will     .....                  (no boots)
Stlth    +.........             (no amulet)
HPRegen  0.07/turn              (no ring)
MPRegen  0.08/turn              (no ring)

@: no status effects
A: condensation shield
a: no special abilities


You were on level 2 of the Dungeon.
You visited 1 branch of the dungeon, and saw 2 of its levels.

You collected 30 gold pieces.

Inventory:

Hand Weapons
 a - a +0 war axe (weapon)
Missiles
 d - 3 throwing nets (quivered)
Armour
 b - a +0 leather armour (worn)
 c - a +0 helmet (worn)
Scrolls
 e - a scroll of random uselessness {unknown}
 f - a scroll of identify {unknown}
 g - a scroll of fog {unknown}
 i - 3 scrolls of teleportation {unknown}
 j - a scroll of magic mapping {unknown}


   Skills:
 - Level 2.0 Fighting
 * Level 3.7 Axes
 - Level 1.7 Throwing
 - Level 2.6 Dodging


You had one spell level left.
You didn't know any spells.
Your spell library was empty.

Dungeon Overview and Level Annotations

Branches:
Dungeon (2/15)

Altars:


Innate Abilities, Weirdness & Mutations

A meltable shield of frost defends you. (SH +4)


Message History

You barely miss the kobold. You hit the jackal.
You kill the jackal!
You hit the hobgoblin but do no damage. The kobold barely misses you.
The hobgoblin closely misses you. The kobold hits you with a +0 whip.
* * * LOW HITPOINT WARNING * * *
The hobgoblin barely misses you.
Unknown command.
It was a potion of curing.
You feel better. The kobold barely misses you. The hobgoblin barely misses you.
Unknown command.
You aren't carrying any potions.
Unknown command.
The kobold hits you but does no damage.
Found an orange potion.
You see here a jackal corpse.
You barely miss the kobold. The kobold hits you with a +0 whip.
You closely miss the kobold. The kobold closely misses you.
You barely miss the kobold. You closely miss the kobold.
The kobold hits you with a +0 whip.
* * * LOW HITPOINT WARNING * * *
The kobold hits you but does no damage. The kobold hits you with a +0 whip.
* * * LOW HITPOINT WARNING * * *
Unknown command.
Unknown command.
You completely miss the kobold. You closely miss the kobold.
The kobold closely misses you. x2
Unknown command.
You barely miss the kobold. You hit the kobold.
You kill the kobold!
The kobold hits you.
* * * LOW HITPOINT WARNING * * *
The jackal bites you but does no damage.
The kobold hits you but does no damage.
Unknown command.
You hit the kobold.
You kill the kobold!
Your leather armour prevents you from hitting the jackal.
The jackal bites you but does no damage. x2
The hobgoblin hits you.
You die...

.########
........#
........#
........####
........h@.#
.......†##g#
........<..#
####.##h#....#
.! ..K........
#.!.........#(#
#......#.(.....
#......#....###
#......#.....


You could see a jackal and a hobgoblin.

Vanquished Creatures
  A giant cockroach (D:1)
  2 goblins (D:1)
  A hobgoblin (D:1)
  6 jackals
  5 kobolds
  4 bats (D:1)
  5 rats (D:1)
24 creatures vanquished.

Notes
Turn   | Place    | Note
-------+----------+-------------------------------------------
     0 | D:1      | dickylongcocking the Demonspawn Gladiator began the quest
                  | for the Orb.
     0 | D:1      | Reached XP level 1. HP: 16/16 MP: 1/1
    96 | D:1      | Reached skill level 3 in Axes
   106 | D:1      | Gained mutation: A meltable shield of frost defends you.
                  | (SH +4) [demonic ancestry]
   106 | D:1      | Reached XP level 2. HP: 11/22 MP: 2/2
  1193 | D:2      | Slain by a hobgoblin

Illustrated notes

Levels and vault maps discovered:
D:1:      shiori_arrival_elements, layout_basic
D:2:      layout_basic, lemuel_doored_altar, minmay_between,
          uniq_crazy_yiuf_cottage

Skill      XL: |  1 |
---------------+----+-----
Axes           | 3 |  3.7
Fighting       | |  2.0
Throwing       | |  1.7
Dodging        | |  2.6

Action                   || total
-------------------------++-------
Melee: War axe           ||    58
  Use: Potion            ||     1
 Stab: Sleeping          ||     1
Armor: Leather armour    ||    29
Dodge: Dodged            ||    65
Block: Other             ||     9

Table legend: (Time is in decaauts)
 A = Elapsed time spent in this place.
 B = Non-inter-level travel time spent in this place.
 C = Inter-level travel time spent in this place.
 D = Time resting spent in this place.
 E = Time spent auto-exploring this place.
 F = Levels seen in this place.
 G = Mean time per level.
                   A        B        C        D        E       F      G
               +--------+--------+--------+--------+--------+-----+--------+
         Total |   1211 |   1200 |     11 |      0 |   1060 |   2 |  605.5 |
       Dungeon |   1211 |   1200 |     11 |      0 |   1060 |   2 |  605.5 |
               +--------+--------+--------+--------+--------+-----+--------+

Top non-repeatable levels by time:
     D:1: 1191 daAuts
     D:2: 20 daAuts
